 Dungeon Sprint DCSS version 0.19-a0-1827-g174f941 (webtiles) character file.

17829 George the Warrior (level 12, 0/124 HPs)
             Began as a Minotaur Fighter on Oct 7, 2016.
             Was the Champion of Okawaru.
             Killed from afar by a fire dragon (26 damage)
             ... with a blast of flame
             ... in the Dungeon (Sprint IX: "|||||||||||||||||||||||||||||").
             The game lasted 00:07:28 (3108 turns).

George the Warrior (Minotaur Fighter)               Turns: 3108, Time: 00:07:29

Health: 0/124      AC: 25    Str: 24    XL:     12   Next: 22%
Magic:  20/20      EV: 12    Int:  5    God:    Okawaru [******]
Gold:   1911       SH: 15    Dex: 15    Spells: 0 memorised, 11 levels left

rFire  . . .     SeeInvis .     x - +7 falchion "Leifradghi" {freeze, rPois Dex+3}
rCold  . . .     Gourm    .     A - +2 plate armour {MR+}
rNeg   . . .     Faith    .     c - +0 shield
rPois  +         Spirit   .     (helmet restricted)
rElec  .         Dismiss  .     a - +0 cloak
rCorr  .         Reflect  .     I - +1 pair of gloves
MR     +....     Harm     .     y - +0 pair of boots
Stlth  .......... NoTele   +    (no amulet)
                                (no ring)
                                r - +2 ring of evasion

@: no status effects
A: retaliatory headbutt, horns 2
a: Heroism, Finesse, Renounce Religion


You were in the Dungeon.
You worshipped Okawaru.
Okawaru was exalted by your worship.
You were not hungry.

You visited 1 branch You collected 1911 gold pieces.

Inventory:

Hand Weapons
 p - a +2 scimitar of flaming
 x - the +7 falchion "Leifradghi" (weapon) {freeze, rPois Dex+3}
   (Okawaru gifted it to you in the Dungeon)

   It has been specially enchanted to freeze those struck by it, causing extra
   injury to most foes and up to half again as much damage against particularly
   susceptible opponents.
   It can also slow down cold-blooded creatures.
   It affects your dexterity (+3).
   It protects you from poison.
 H - a +1 double sword
Missiles
 B - a throwing net (quivered)
Armour
 a - a +0 cloak (worn)
 c - a +0 shield (worn)
 q - a +1 fire dragon armour
 y - a +0 pair of boots (worn)
 A - a +2 plate armour of magic resistance (worn)
 I - a +1 pair of gloves (worn)
Jewellery
 r - a +2 ring of evasion (left hand)
 s - a +2 ring of evasion
 D - an uncursed ring of protection from magic
 E - an uncursed ring of protection from cold
 F - an uncursed ring of fire
 G - an uncursed ring of poison resistance
Wands
 o - a wand of iceblast (7/15)
 w - a wand of polymorph (9/24)
Scrolls
 k - 3 scrolls of blinking
 m - 7 scrolls of remove curse
 n - 2 scrolls of amnesia
 u - a scroll of identify
 v - 4 scrolls of enchant weapon
 K - a scroll of fog
 L - 4 scrolls of enchant armour
Potions
 b - 2 potions of brilliance
 d - a potion of might
 e - 5 potions of curing
 g - 12 potions of heal wounds
 h - a potion of haste
 i - 4 potions of magic
 j - a potion of berserk rage
 l - a potion of invisibility
 J - a potion of cure mutation
Comestibles
 f - 13 bread rations
 t - 40 fruits
 z - 12 meat rations
 C - a chunk of flesh


   Skills:
 + Level 16.7 Fighting
 + Level 16.5 Long Blades
 + Level 16.7 Armour
 + Level 4.0 Dodging
 + Level 16.7 Shields
 - Level 12.9 Invocations


You had 11 spell levels left.
You didn't know any spells.

Dungeon Overview and Level Annotations

Branches:
Dungeon (1/1)

Altars:
Cheibriados
Dithmenos
Elyvilon
Fedhas
Gozag
Hepliaklqana
Kikubaaqudgha
Makhleb
Nemelex Xobeh
Okawaru
Qazlal
Ru
Sif Muna
Trog
Uskayaw
Vehumet
Xom
Yredelemnul
Zin
The Shining One
Beogh
Jiyva
Lugonu

Shops:
D %(%}


Innate Abilities, Weirdness & Mutations

You reflexively headbutt those who attack you in melee.
You have a pair of horns on your head.


Message History

You headbutt the fire dragon.
The fire dragon is lightly wounded.
The fire giant gestures at you while chanting.
The bolt of fire hits the fire dragon.
The fire dragon resists.
The bolt of fire hits you!
You hit the fire dragon. You freeze the fire dragon.
Your headbutt misses the fire dragon.
The fire dragon is moderately wounded.
The fire dragon bites you!
The fire dragon claws you but does no damage.
The fire dragon barely misses you.
Put on which piece of jewellery? (? for menu, Esc to quit)
You remove your +2 ring of evasion.
The fire giant points at you and mumbles some strange words.
The bolt of fire hits the fire dragon.
The fire dragon resists.
The bolt of fire hits you!
* * * LOW HITPOINT WARNING * * *
The fire dragon breathes flames at you. The blast of flame hits you!
You die...

▓▓▓▓▓▓▓▓▓▓▓▓▓▓▓▓▓▓▓▓▓▓▓▓
.QGDC.D@())..........[.[
▓▓▓▓▓▓▓▓▓▓▓▓▓▓▓▓▓▓▓▓▓▓▓▓▓▓▓▓▓▓▓▓▓
.................................
▓▓▓▓▓▓▓▓▓▓▓▓▓▓▓▓▓▓▓▓▓▓▓▓▓▓▓▓▓▓▓▓▓
...'..)).∩)∩)∩)∩))))))......[))))
▓▓▓▓▓▓▓▓▓▓▓▓▓▓▓▓▓▓▓▓▓▓▓▓▓▓▓▓▓▓▓▓▓
....((((.).......................
▓▓▓▓▓▓▓▓▓▓▓▓▓▓▓▓▓▓▓▓▓▓▓▓▓▓▓▓▓▓▓▓▓
.[[[...'=(.[.....††.'[........'..


You could see a fire giant, a fire dragon, an ice dragon, a tengu warrior and a
glowing orange brain.

Vanquished Creatures
  An ettin (D)
  Harold (D)
  Erolcha (D)
  A hydra (D)
  A centaur warrior (D)
  An orc high priest (D)
  An orc knight (D)
  3 hill giants (D)
  11 orc sorcerers (D)
  2 black mambas (D)
  2 spiny frogs (D)
  A gargoyle (D)
  Joseph (D)
  An efreet (D)
  A komodo dragon (D)
  A yaktaur (D)
  A tyrant leech (D)
  2 hippogriffs (D)
  3 blink frogs (D)
  2 yaks (D)
  2 vampire mosquitoes (D)
  Grum (D)
  A water moccasin (D)
  3 porcupines (D)
  12 orc warriors (D)
  An ice beast (D)
  A black bear (D)
  An ogre (D)
  A centaur (D)
  4 wolves (D)
  2 crocodiles (D)
  5 bullfrogs (D)
  A scorpion (D)
  A howler monkey (D)
  A hound (D)
  8 orc wizards (D)
  4 orc priests (D)
  2 iguanas (D)
  A gnoll (D)
  An adder zombie (D)
  An adder skeleton (D)
  3 orcs (D)
  A bat (D)
  A bat skeleton (D)
  A bat zombie (D)
  A goblin (D)
  A hobgoblin (D)
  A jackal (D)
  A kobold (D)
  A quokka zombie (D)
103 creatures vanquished.

Notes
Turn   | Place    | Note
-------+----------+-------------------------------------------
     0 | D        | George the Minotaur Fighter began the quest for the Orb.
     0 | D        | Reached XP level 1. HP: 19/19 MP: 0/0
   150 | D        | Noticed a howler monkey
   150 | D        | Noticed a hound
   150 | D        | Noticed a scorpion
   151 | D        | Reached XP level 2. HP: 27/27 MP: 1/1
   158 | D        | Killed a scorpion
   158 | D        | Reached skill level 5 in Fighting
   158 | D        | Reached skill level 5 in Long Blades
   158 | D        | Reached skill level 5 in Armour
   158 | D        | Reached skill level 5 in Shields
   158 | D        | Reached XP level 3. HP: 19/36 MP: 2/2
   164 | D        | Reached XP level 4. HP: 17/44 MP: 3/3
   178 | D        | Found a roughly hewn altar of Beogh.
   178 | D        | Found a snail-covered altar of Cheibriados.
   178 | D        | Found a shadowy altar of Dithmenos.
   178 | D        | Found a white marble altar of Elyvilon.
   178 | D        | Found a blossoming altar of Fedhas.
   178 | D        | Found an opulent altar of Gozag.
   179 | D        | Found a hazy altar of Hepliaklqana.
   180 | D        | Found a viscous altar of Jiyva.
   181 | D        | Found an ancient bone altar of Kikubaaqudgha.
   182 | D        | Found a corrupted altar of Lugonu.
   183 | D        | Found a burning altar of Makhleb.
   184 | D        | Found a sparkling altar of Nemelex Xobeh.
   185 | D        | Found an iron altar of Okawaru.
   186 | D        | Found a stormy altar of Qazlal.
   187 | D        | Found a sacrificial altar of Ru.
   188 | D        | Found a deep blue altar of Sif Muna.
   189 | D        | Found a bloodstained altar of Trog.
   190 | D        | Found a hide-covered altar of Uskayaw.
   191 | D        | Found a radiant altar of Vehumet.
   192 | D        | Found a shimmering altar of Xom.
   193 | D        | Found a basalt altar of Yredelemnul.
   194 | D        | Found a glowing silver altar of Zin.
   195 | D        | Found a glowing golden altar of the Shining One.
   209 | D        | Became a worshipper of Warmaster Okawaru
   364 | D        | Noticed an orc warrior
   364 | D        | Noticed a hill giant
   364 | D        | Noticed a centaur
   364 | D        | Noticed an ice beast
   368 | D        | Killed an ice beast
   368 | D        | Reached XP level 5. HP: 53/53 MP: 3/5
   375 | D        | Killed a hill giant
   375 | D        | Reached * piety under Okawaru
   375 | D        | Reached ** piety under Okawaru
   375 | D        | Reached skill level 5 in Invocations
   375 | D        | Reached XP level 6. HP: 52/66 MP: 3/9
   375 | D        | Reached XP level 7. HP: 56/71 MP: 3/10
   384 | D        | Reached skill level 10 in Fighting
   384 | D        | Reached skill level 10 in Armour
   384 | D        | Reached skill level 10 in Shields
   470 | D        | Noticed a hill giant
   470 | D        | Noticed a gargoyle
   474 | D        | Reached skill level 10 in Long Blades
   496 | D        | Killed a gargoyle
   496 | D        | Reached XP level 8. HP: 44/81 MP: 9/12
   501 | D        | HP: 1/81 [hill giant/giant club (8)]
   504 | D        | Killed a hill giant
   504 | D        | Reached *** piety under Okawaru
   822 | D        | Noticed a seven-headed hydra
   822 | D        | Noticed a spiny frog
   825 | D        | Noticed a hippogriff
   829 | D        | Reached XP level 9. HP: 87/89 MP: 12/14
   837 | D        | Killed a one-headed hydra
   837 | D        | Reached **** piety under Okawaru
   842 | D        | Killed a spiny frog
  1042 | D        | Noticed a black mamba
  1054 | D        | Reached ***** piety under Okawaru
  1054 | D        | Reached XP level 10. HP: 100/100 MP: 16/16
  1060 | D        | Killed a black mamba
  1061 | D        | Noticed a black mamba
  1062 | D        | Noticed a spiny frog
  1068 | D        | Reached skill level 10 in Invocations
  1079 | D        | Killed a black mamba
  1084 | D        | Killed a spiny frog
  1090 | D        | HP: 5/101 [poisoned by a spiny frog]
  1096 | D        | HP: 4/101 [poisoned by a spiny frog]
  1102 | D        | HP: 3/101 [poisoned by a spiny frog]
  1110 | D        | HP: 4/101 [poisoned by a spiny frog]
  1509 | D        | Received a gift from Okawaru
  1556 | D        | Got a spiked plate armour {god gift}
  1567 | D        | Identified the +0 plate armour "Miuror" {*Corrode MR++ Str+6} (Okawaru gifted it to you in the Dungeon)
  1664 | D        | Noticed Joseph
  1675 | D        | Killed Joseph
  1810 | D        | Noticed Harold
  1822 | D        | Killed Harold
  1972 | D        | Noticed an orc sorcerer
  1979 | D        | Noticed a sun demon
  1980 | D        | Killed an orc sorcerer
  1980 | D        | Reached XP level 11. HP: 63/111 MP: 18/18
  2167 | D        | Noticed an orc high priest
  2190 | D        | Noticed an orc knight
  2197 | D        | Killed an orc high priest
  2197 | D        | Reached skill level 15 in Armour
  2197 | D        | Reached skill level 15 in Shields
  2212 | D        | Killed an orc knight
  2212 | D        | Reached skill level 15 in Fighting
  2543 | D        | Found Ixorag's Gadget Boutique.
  2543 | D        | Noticed an orc sorcerer
  2543 | D        | Noticed an orc sorcerer
  2543 | D        | Noticed an orc sorcerer
  2543 | D        | Noticed an orc sorcerer
  2547 | D        | Killed an orc sorcerer
  2547 | D        | Received a gift from Okawaru
  2547 | D        | Reached skill level 15 in Long Blades
  2549 | D        | Noticed an orc sorcerer
  2560 | D        | Killed an orc sorcerer
  2561 | D        | Found Umaxkupn's Food Shop.
  2564 | D        | Killed an orc sorcerer
  2565 | D        | Noticed an orc sorcerer
  2567 | D        | Killed an orc sorcerer
  2568 | D        | Found Jitup's Antique Weapon Boutique.
  2572 | D        | Killed an orc sorcerer
  2573 | D        | Found Mac Xas's Food Shop.
  2574 | D        | Noticed a sixfirhy
  2580 | D        | Noticed an orc sorcerer
  2581 | D        | Killed an orc sorcerer
  2582 | D        | Noticed an orc sorcerer
  2584 | D        | Noticed an orc sorcerer
  2585 | D        | Noticed an orc sorcerer
  2594 | D        | Killed an orc sorcerer
  2602 | D        | Killed an orc sorcerer
  2608 | D        | Killed an orc sorcerer
  2610 | D        | Killed an orc sorcerer
  2646 | D        | Got a crystal falchion {god gift}
  2647 | D        | Identified the +7 falchion "Leifradghi" {freeze, rPois Dex+3} (Okawaru gifted it to you in the Dungeon)
  2884 | D        | Noticed Grum
  2897 | D        | Killed Grum
  2960 | D        | Noticed Erolcha
  2969 | D        | Killed Erolcha
  2969 | D        | Reached ****** piety under Okawaru
  3059 | D        | Noticed a centaur warrior
  3060 | D        | Noticed a hill giant
  3066 | D        | Killed a centaur warrior
  3066 | D        | Reached skill level 1 in Dodging
  3066 | D        | Reached XP level 12. HP: 115/123 MP: 20/20
  3068 | D        | Received a gift from Okawaru
  3080 | D        | Noticed an ettin
  3084 | D        | Noticed a fire dragon
  3090 | D        | Noticed a fire giant
  3096 | D        | Noticed an ice dragon
  3101 | D        | Noticed a tengu warrior
  3105 | D        | Killed an ettin
  3108 | D        | Killed from afar by a fire dragon

Vault maps used:
D:        linesprint

Skill      XL: |  1  2  3  4  5  6  7  8  9 10 11 12 |
---------------+-------------------------------------+-----
Shields        | 4 5 6 7 9 10 11 13 14 16 | 16.7
Fighting       | 4 5 6 7 9 10 11 12 14 16 | 16.7
Long Blades    | 3 5 7 9 10 11 12 14 16 | 16.5
Armour         | 4 5 6 7 9 10 11 13 14 16 | 16.7
Invocations    | 2 5 7 8 9 11 12 | 12.9
Dodging        | 1 4 |  4.0

Action                   |  1- 3 |  4- 6 |  7- 9 | 10-12 || total
-------------------------+-------+-------+-------+-------++-------
Melee: Long sword        |    32 |     8 |       |       ||    40
       Headbutt          |     2 |     5 |    20 |    68 ||    95
       Scimitar          |       |    10 |   108 |   199 ||   317
       Falchion          |       |       |       |    65 ||    65
Invok: Heroism           |       |       |     1 |     4 ||     5
       Finesse           |       |       |       |     2 ||     2
  Use: Potion            |       |       |     1 |     1 ||     2
       Scroll            |       |       |       |     1 ||     1
  Eat: Chunk             |       |       |     1 |     6 ||     7
Armor: Scale mail        |     9 |     1 |       |       ||    10
       Ring mail         |       |       |    20 |     8 ||    28
       Plate armour      |       |       |       |    27 ||    27
Dodge: Dodged            |     7 |     7 |    32 |    48 ||    94
Block: Shield            |    18 |     9 |    51 |    99 ||   177
       Rpst.: Long sword |       |     2 |       |       ||     2
       Scimitar          |       |     1 |     9 |     9 ||    19
